PAA
MARQUETTE MINERS @ MERCER ISLAND SCREAMING EAGLES
09/19/2021
 
TOP OF THE 1ST
Marquette Miners batting - Pitching for Mercer Island Screaming Eagles : LHP James Scott
Pitching: LHP James Scott
Batting: RHB Howard Kelly 0-0: Ball
1-0: Ground out 6-3 (Groundball, 6)
Batting: RHB Gerald Clark 0-0: Ball
1-0: Ball
2-0: DOUBLE (Line Drive, 7LS)
Batting: RHB Adrian Hale 0-0: Ball
1-0: Fly out, F9 (Flyball, 9M)
Batting: RHB Pedro Pérez 0-0: Called Strike
0-1: Called Strike
0-2: Ball
1-2: Fly out, F7 (Flyball, 78M)
Top of the 1st over - 0 run(s), 1 hit(s), 0 error(s), 1 left on base; Marquette 0 - Mercer Island 0
BOTTOM OF THE 1ST
Mercer Island Screaming Eagles batting - Pitching for Marquette Miners : RHP Jaime Venditti
Pitching: RHP Jaime Venditti
Batting: RHB Juan Alba 0-0: Swinging Strike
0-1: SINGLE (Groundball, 4MD)
Batting: RHB Shawn McCormack 0-0: Swinging Strike
0-1: Ball
1-1: Ball
2-1: Foul Ball, location: 2F
2-2: Foul Ball, location: 2F
2-2: Ball
3-2: Ground out 6-3 (Groundball, 6)
Juan Alba to second
Batting: RHB Enrique Echevarría 0-0: Ball
1-0: Called Strike
1-1: Foul Ball, location: 2F
1-2: Ball
2-2: Ball
3-2: Foul Ball, location: 2F
3-2: Base on Balls
Batting: RHB Luis Antonio Hernández 0-0: Ball
1-0: Foul Ball, location: 2F
1-1: Called Strike
1-2: Ball
2-2: Ball
3-2: Fly out, F8 (Flyball, 8LS)
Batting: RHB Randy Rehling 0-0: Ground out 6-3 (Groundball, 6)
Bottom of the 1st over - 0 run(s), 1 hit(s), 0 error(s), 2 left on base; Marquette 0 - Mercer Island 0
TOP OF THE 2ND
Marquette Miners batting - Pitching for Mercer Island Screaming Eagles : LHP James Scott
Batting: RHB Francis Kelly 0-0: Called Strike
0-1: Ball
1-1: Foul Ball, location: 2F
1-2: Strikes out swinging
Batting: RHB Manuel Herrera 0-0: Ball
1-0: Foul Ball, location: 2F
1-1: Swinging Strike
1-2: Ball
2-2: Strikes out swinging
Batting: LHB Jorge Flores 0-0: Ball
1-0: Called Strike
1-1: Foul Ball, location: 2F
1-2: Foul Ball, location: 2F
1-2: Strikes out swinging, 2-3 out at first.
Top of the 2nd over - 0 run(s), 0 hit(s), 0 error(s), 0 left on base; Marquette 0 - Mercer Island 0
BOTTOM OF THE 2ND
Mercer Island Screaming Eagles batting - Pitching for Marquette Miners : RHP Jaime Venditti
Batting: SHB Ray Davis 0-0: Called Strike
0-1: Fly out, F5 (Popup, 5SF)
Batting: SHB León Estrada 0-0: Called Strike
0-1: Swinging Strike
0-2: Ground out U3 (Groundball, 3)
Batting: RHB Ted Cook 0-0: Foul Ball, location: 2F
0-1: Ball
1-1: Foul Ball, location: 2F
1-2: Ground out 4-3 (Groundball, 4M)
Bottom of the 2nd over - 0 run(s), 0 hit(s), 0 error(s), 0 left on base; Marquette 0 - Mercer Island 0
TOP OF THE 3RD
Marquette Miners batting - Pitching for Mercer Island Screaming Eagles : LHP James Scott
Batting: RHB Félix De La Hoya 0-0: Ground out 4-3 (Groundball, 4S)
Batting: LHB José Ortega 0-0: Called Strike
0-1: Foul Ball, location: 2F
0-2: SINGLE (Line Drive, 78S)
Batting: RHB Howard Kelly 0-0: Ball
1-0: Called Strike
1-1: Ball
2-1: Foul Ball, location: 2F
2-2: Ball
3-2: Base on Balls
José Ortega to second
Batting: RHB Gerald Clark 0-0: Ball
1-0: Reached on error, E5 (Groundball, 56)
José Ortega to third
Howard Kelly to second
Batting: RHB Adrian Hale 0-0: Fly out, F6 (Popup, 6D)
Batting: RHB Pedro Pérez 0-0: Called Strike
0-1: Ball
1-1: Swinging Strike
1-2: Ball
2-2: Strikes out looking
Top of the 3rd over - 0 run(s), 1 hit(s), 1 error(s), 3 left on base; Marquette 0 - Mercer Island 0
BOTTOM OF THE 3RD
Mercer Island Screaming Eagles batting - Pitching for Marquette Miners : RHP Jaime Venditti
Batting: RHB Alan Rosales 0-0: Ball
1-0: Ball
2-0: Foul Ball, location: 2F
2-1: Ball
Error on foul ball, E5
3-2: Ground out 6-3 (Groundball, 6M)
Batting: RHB Juan Alba 0-0: Fly out, F4 (Popup, 4)
Batting: RHB Shawn McCormack 0-0: Ground out 5-3 (Groundball, 56)
Bottom of the 3rd over - 0 run(s), 0 hit(s), 1 error(s), 0 left on base; Marquette 0 - Mercer Island 0
TOP OF THE 4TH
Marquette Miners batting - Pitching for Mercer Island Screaming Eagles : LHP James Scott
Batting: RHB Francis Kelly 0-0: Called Strike
0-1: Foul Ball, location: 2F
0-2: Strikes out swinging
Batting: RHB Manuel Herrera 0-0: Foul Ball, location: 2F
0-1: Ball
1-1: Swinging Strike
1-2: Ball
2-2: Strikes out swinging
Batting: LHB Jorge Flores 0-0: SINGLE (Groundball, 34S)
Batting: RHB Félix De La Hoya 0-0: Foul Ball, location: 2F
0-1: Called Strike
0-2: Ball
1-2: Ball
2-2: Ball
Wild Pitch!
Jorge Flores to second
3-2: Foul Ball, location: 2F
3-2: Base on Balls
Batting: LHB José Ortega 0-0: Ball
1-0: Called Strike
1-1: Ball
2-1: Ground out 4-3 (Groundball, 4)
Top of the 4th over - 0 run(s), 1 hit(s), 0 error(s), 2 left on base; Marquette 0 - Mercer Island 0
BOTTOM OF THE 4TH
Mercer Island Screaming Eagles batting - Pitching for Marquette Miners : RHP Jaime Venditti
Batting: RHB Enrique Echevarría 0-0: Ground out 5-3 (Groundball, 56S)
Batting: RHB Luis Antonio Hernández 0-0: Ball
1-0: Ball
2-0: Foul Ball, location: 2F
2-1: SINGLE (Groundball, 56D)
Batting: RHB Randy Rehling Balk!
Luis Antonio Hernández to second
0-0: Called Strike
0-1: Ball
1-1: Ball
2-1: Ground out 6-3 (Groundball, 6M)
Luis Antonio Hernández to third
Batting: SHB Ray Davis 0-0: Ball
1-0: Foul Ball, location: 2F
1-1: Ball
2-1: Ball
3-1: Fly out, F8 (Flyball, 8LM)
Bottom of the 4th over - 0 run(s), 1 hit(s), 0 error(s), 1 left on base; Marquette 0 - Mercer Island 0
TOP OF THE 5TH
Marquette Miners batting - Pitching for Mercer Island Screaming Eagles : LHP James Scott
Batting: RHB Howard Kelly 0-0: Ball
1-0: Fly out, F8 (Flyball, 8RXD)
Batting: RHB Gerald Clark 0-0: Foul Ball, location: 2F
0-1: Called Strike
0-2: Foul Ball, location: 2F
0-2: Strikes out swinging
Batting: RHB Adrian Hale 0-0: Swinging Strike
0-1: Ball
1-1: Ball
2-1: Foul Ball, location: 2F
2-2: Fly out, F8 (Flyball, 8RM)
Top of the 5th over - 0 run(s), 0 hit(s), 0 error(s), 0 left on base; Marquette 0 - Mercer Island 0
BOTTOM OF THE 5TH
Mercer Island Screaming Eagles batting - Pitching for Marquette Miners : RHP Jaime Venditti
Batting: SHB León Estrada 0-0: Ball
1-0: Swinging Strike
1-1: Ball
2-1: Foul Ball, location: 2F
2-2: Foul Ball, location: 2F
2-2: Foul Ball, location: 2F
2-2: Ball
3-2: Strikes out swinging
Batting: RHB Ted Cook 0-0: Ball
1-0: Ball
2-0: Ball
3-0: Base on Balls
Batting: RHB Alan Rosales 0-0: Called Strike
0-1: Called Strike
0-2: Foul Ball, location: 2F
0-2: Foul Ball, location: 2F
0-2: Ball
1-2: Strikes out swinging
Batting: RHB Juan Alba 0-0: Foul Ball, location: 2F
0-1: Ball
1-1: Ball
2-1: Ball
Wild Pitch!
Ted Cook to second
3-1: Fly out, F8 (Flyball, 8RM)
Bottom of the 5th over - 0 run(s), 0 hit(s), 0 error(s), 1 left on base; Marquette 0 - Mercer Island 0
TOP OF THE 6TH
Marquette Miners batting - Pitching for Mercer Island Screaming Eagles : LHP James Scott
Batting: RHB Pedro Pérez 0-0: Foul Ball, location: 2F
0-1: Ball
1-1: Foul Ball, location: 2F
1-2: Ball
2-2: Ball
3-2: Fly out, F8 (Flyball, 8RM)
Batting: RHB Francis Kelly 0-0: Ball
1-0: Ball
2-0: Ball
3-0: Called Strike
3-1: Called Strike
3-2: Strikes out swinging
Batting: RHB Manuel Herrera 0-0: Foul Ball, location: 2F
0-1: Ball
1-1: Swinging Strike
1-2: Fly out, F7 (Flyball, 7M)
Top of the 6th over - 0 run(s), 0 hit(s), 0 error(s), 0 left on base; Marquette 0 - Mercer Island 0
BOTTOM OF THE 6TH
Mercer Island Screaming Eagles batting - Pitching for Marquette Miners : RHP Jaime Venditti
Batting: RHB Shawn McCormack 0-0: Ball
1-0: Called Strike
1-1: Ball
2-1: Swinging Strike
2-2: Strikes out swinging
Batting: RHB Enrique Echevarría 0-0: Ball
1-0: Ball
2-0: Foul Ball, location: 2F
2-1: Ball
3-1: Foul Ball, location: 2F
3-2: Foul Ball, location: 2F
3-2: Fly out, F8 (Flyball, 8LXD)
Batting: RHB Luis Antonio Hernández 0-0: Called Strike
0-1: SINGLE (Line Drive, 56)
Batting: RHB Randy Rehling 0-0: Fielders Choice at 2nd, 6-4 (Groundball, 6)
Bottom of the 6th over - 0 run(s), 1 hit(s), 0 error(s), 0 left on base; Marquette 0 - Mercer Island 0
TOP OF THE 7TH
Marquette Miners batting - Pitching for Mercer Island Screaming Eagles : LHP James Scott
Batting: LHB Jorge Flores 0-0: Ball
1-0: Ground out 4-3 (Groundball, 4)
Pinch Hitting: RHB Jim Unknown 0-0: Foul Ball, location: 2F
0-1: Ball
1-1: SINGLE (Flyball, 34D)
Batting: LHB José Ortega 0-0: Foul Ball, location: 2F
0-1: Called Strike
0-2: Ball
1-2: Ball
2-2: Strikes out swinging
Pinch Hitting: RHB Jim Unknown 0-0: Ball
1-0: Ground out U3 (Groundball, 3)
Top of the 7th over - 0 run(s), 1 hit(s), 0 error(s), 1 left on base; Marquette 0 - Mercer Island 0
BOTTOM OF THE 7TH
Mercer Island Screaming Eagles batting - Pitching for Marquette Miners : RHP Jaime Venditti
Now at 1B: Jim Unknown
Now at 2B: Jim Unknown
Batting: SHB Ray Davis 0-0: Called Strike
0-1: Ball
1-1: Ball
2-1: Ball
3-1: Swinging Strike
3-2: Ground out 6-3 (Groundball, 6M)
Pinch Hitting: RHB P.J. O'Keefe 0-0: Ball
1-0: Ball
2-0: SINGLE (Groundball, 6)
Pitching: LHP Brandeis Vogt
Batting: RHB Ted Cook 0-0: Fly out, F9 (Flyball, 89M)
Batting: RHB Alan Rosales 0-0: Ball
1-0: Called Strike
1-1: Foul Ball, location: 2F
1-2: Ball
2-2: Strikes out looking
Bottom of the 7th over - 0 run(s), 1 hit(s), 0 error(s), 1 left on base; Marquette 0 - Mercer Island 0
TOP OF THE 8TH
Marquette Miners batting - Pitching for Mercer Island Screaming Eagles : LHP James Scott
Pitching: RHP Alejandro Arteaga
Now at 2B: P.J. O'Keefe
Batting: RHB Gerald Clark 0-0: Fly out, F3 (Popup, 3SF)
Batting: RHB Adrian Hale 0-0: Swinging Strike
0-1: Called Strike
0-2: Strikes out looking
Batting: RHB Pedro Pérez 0-0: Ball
1-0: Called Strike
1-1: Foul Ball, location: 2F
1-2: Ball
2-2: Strikes out swinging
Top of the 8th over - 0 run(s), 0 hit(s), 0 error(s), 0 left on base; Marquette 0 - Mercer Island 0
BOTTOM OF THE 8TH
Mercer Island Screaming Eagles batting - Pitching for Marquette Miners : LHP Brandeis Vogt
Batting: RHB Juan Alba 0-0: Called Strike
0-1: Foul Ball, location: 2F
0-2: Foul Ball, location: 2F
0-2: Strikes out swinging
Batting: RHB Shawn McCormack 0-0: Called Strike
0-1: Ground out 6-3 (Groundball, 6)
Batting: RHB Enrique Echevarría 0-0: Ball
1-0: Ball
2-0: Ball
3-0: Called Strike
3-1: Base on Balls
Batting: RHB Luis Antonio Hernández 0-0: Ball
Enrique Echevarría is caught stealing 2nd base
Bottom of the 8th over - 0 run(s), 0 hit(s), 0 error(s), 0 left on base; Marquette 0 - Mercer Island 0
TOP OF THE 9TH
Marquette Miners batting - Pitching for Mercer Island Screaming Eagles : RHP Alejandro Arteaga
Pitching: RHP Raúl Pérez
Pinch Hitting: LHB Jim Unknown 0-0: Ball
1-0: Ball
2-0: Ball
3-0: Base on Balls
Batting: RHB Manuel Herrera 0-0: Ball
1-0: Ball
2-0: Bunted foul
2-1: Bunted foul
2-2: Ball
3-2: Foul Ball, location: 2F
3-2: Base on Balls
Jim Unknown to second
Batting: LHB Jorge Flores 0-0: Called Strike
0-1: Sac Bunt - play at first, batter OUT! 5-3
Jim Unknown to third
Manuel Herrera to second
Batting: RHB Jim Unknown 0-0: Called Strike
0-1: Ball
1-1: Ball
2-1: Foul Ball, location: 2F
2-2: Strikes out looking
Batting: LHB José Ortega 0-0: Ball
1-0: Ball
2-0: Foul Ball, location: 2F
2-1: Ball
3-1: Swinging Strike
3-2: Base on Balls
Batting: RHB Jim Unknown 0-0: Foul Ball, location: 2F
0-1: Ball
1-1: Ball
2-1: SINGLE (Line Drive, 56)
Jim Unknown scores
Manuel Herrera to third
José Ortega to second
Runner from 3rd tries for Home, SAFE, no throw or cutoff
Batting: RHB Gerald Clark 0-0: Foul Ball, location: 2F
0-1: Ground out 3-1 (Groundball, 34S)
Top of the 9th over - 2 run(s), 1 hit(s), 0 error(s), 2 left on base; Marquette 2 - Mercer Island 0
BOTTOM OF THE 9TH
Mercer Island Screaming Eagles batting - Pitching for Marquette Miners : LHP Brandeis Vogt
Pitching: RHP Gabriel Rodríguez
Now at 3B: Jim Unknown
Now in CF: Wayne Cameron
Batting: RHB Luis Antonio Hernández 0-0: Ball
1-0: Foul Ball, location: 2F
1-1: Ground out 5-3 (Groundball, 5)
Batting: RHB Randy Rehling 0-0: Ground out 5-3 (Groundball, 56)
Batting: SHB Ray Davis 0-0: Foul Ball, location: 2F
0-1: SINGLE (Line Drive, 34D)
Batting: RHB P.J. O'Keefe 0-0: Ball
1-0: Ball
2-0: Ball
3-0: Base on Balls
Ray Davis to second
Pinch Runner at 2nd Mike Kelly:
Pinch Hitting: LHB Nelson Plasenia 0-0: Ball
1-0: Ball
2-0: Ball
3-0: Called Strike
3-1: Called Strike
3-2: Fly out, F8 (Flyball, 8LM)
Bottom of the 9th over - 0 run(s), 1 hit(s), 0 error(s), 2 left on base; Marquette 2 - Mercer Island 0
This league is powered by Out of the Park Baseball, the baseball management simulation game for PC, Mac and Linux
Friday, January 22nd, 2016 - OOTP Baseball 16.9 Build 39